Map: Cactus Valley LE (Void)

Players

MaNa - Winner!

  • Race: Protoss Protoss
  • Spawn Location: 1:00

MaSa

  • Race: Terran Terran
  • Spawn Location: 7:00

Event: WCS Austin 2017

VOD

Have the link to the VOD?

Description

Time

  • Played on: April 28, 2017, 6:36 p.m.
  • Length: 22:42

All games in this series

Show
View Real Time Build Order
Export as new Build Order

MaNa Protoss - Winner!

Build Orders: Oracle Opening 

Get SALT Encoding   

  12  0:00  Probe (Chrono Boost)  
  13  0:11  Probe (Chrono Boost)  
  14  0:17  Pylon  
  14  0:21  Probe (Chrono Boost)  
  15  0:35  Probe (Chrono Boost)  
  16  0:36  Gateway  
  16  0:45  Probe (Chrono Boost)  
  16  0:47  Assimilator  
  17  0:56  Probe (Chrono Boost)  
  18  0:57  Assimilator  
  18  1:06  Probe (Chrono Boost)  
  19  1:17  Probe (Chrono Boost)  
  20  1:23  Cybernetics Core  
  20  1:27  Probe (Chrono Boost)  
  20  1:28  Pylon  
  21  1:38  Probe (Chrono Boost)  
  22  1:49  Probe (Chrono Boost)  
  23  1:56  Nexus  
  23  2:05  Stargate, Adept  
  23  2:13  Probe (Chrono Boost)  
  26  2:18  Warp Gate  
  26  2:25  Probe (Chrono Boost)  
  27  2:30  Pylon  
  27  2:35  Probe (Chrono Boost)  
  28  2:45  Oracle  
  28  2:47  Probe (Chrono Boost)  
  32  2:56  Pylon  
  33  2:59  Probe (Chrono Boost)  
  33  3:07  Adept  
  33  3:09  Probe (Chrono Boost)  
  33  3:11  Probe (Chrono Boost)  
  37  3:15  Robotics Facility  
  37  3:19  Probe (Chrono Boost)  
  38  3:22  Probe (Chrono Boost)  
  39  3:34  Sentry  
  39  3:36  Gateway  
  39  3:38  Gateway  
  41  3:45  Gateway  
  41  3:54  Probe x2 (Chrono Boost)  
  43  3:58  Immortal  
  43  4:07  Gateway  
  47  4:16  Probe (Chrono Boost)  
  49  4:18  Probe (Chrono Boost)  
  49  4:26  Sentry  
  51  4:31  Pylon  
  51  4:32  Immortal  
  52  4:49  Zealot x2, Adept  
  52  4:50  Adept  
  60  4:56  Pylon  
  60  4:58  Probe (Chrono Boost)  
  62  5:00  Probe (Chrono Boost)  
  62  5:09  Zealot x2, Adept  
  62  5:11  Adept  
  70  5:20  Immortal  
  66  5:31  Zealot, Sentry  
  66  5:32  Zealot x2  
  72  5:36  Sentry  
  72  5:40  Pylon  
  74  5:55  Pylon, Adept x2  
  78  5:59  Zealot  
  78  6:00  Zealot, Stalker  
  84  6:09  Pylon  
  78  6:22  Adept  
  78  6:23  Adept x4  
  76  6:29  Observer  
  75  6:34  Probe (Chrono Boost)  
  75  6:36  Probe (Chrono Boost)  
  77  6:44  Zealot  
  77  6:45  Zealot x2  
  77  6:46  Probe (Chrono Boost)  
  83  6:48  Probe (Chrono Boost)  
  75  6:54  Immortal  
  77  7:09  Adept x4  
  67  7:19  Probe (Chrono Boost)  
  67  7:20  Probe (Chrono Boost)  
  56  7:30  Assimilator  
  56  7:33  Sentry, Adept  
  56  7:34  Zealot x3  
  66  7:40  Probe (Chrono Boost)  
  66  7:42  Assimilator, Probe (Chrono Boost)  
  68  7:51  Mothership Core (Chrono Boost)  
  70  7:54  Pylon  
  70  8:12  Adept x3  
  72  8:13  Adept  
  73  8:25  Probe x2 (Chrono Boost)  
  75  8:28  Forge  
  75  8:29  Robotics Facility  
  74  8:35  Adept x4  
  80  8:46  Pylon  
  80  8:48  Probe x2 (Chrono Boost)  
  79  9:02  Protoss Ground Armor Level 1  
  79  9:04  Photon Cannon  
  73  9:10  Probe (Chrono Boost)  
  73  9:11  Probe (Chrono Boost)  
  73  9:15  Observer  
  71  9:22  Probe (Chrono Boost)  
  71  9:23  Probe (Chrono Boost)  
  74  9:25  Twilight Council  
  74  9:34  Probe (Chrono Boost)  
  75  9:40  Nexus  
  75  9:41  Probe (Chrono Boost)  
  76  9:46  Probe (Chrono Boost)  
  77  9:53  Probe (Chrono Boost)  
  77  9:57  Sentry x3, Stalker  
  85  10:01  Resonating Glaives  
  85  10:05  Observer  
  85  10:22  Warp Prism  
  85  10:23  Pylon  
  85  10:24  Pylon, Adept x3  
  85  10:25  Adept  
  95  10:45  Pylon  
  95  10:49  Pylon  
  95  10:50  Adept x4  
  103  11:00  Pylon  
  102  11:12  Adept  
  102  11:13  Adept x3  
  102  11:35  Adept x4  
  102  12:05  Stalker x3  
  84  12:24  Adept  
  80  13:50  Phoenix  
Show
View Real Time Build Order
Export as new Build Order

MaSa Terran 

Build Orders: Command Center First (CC), MMM Bio 

Get SALT Encoding   

  12  0:00  SCV  
  13  0:12  SCV  
  14  0:17  Supply Depot  
  14  0:24  SCV  
  15  0:39  SCV  
  16  0:51  SCV  
  17  0:59  Command Center  
  17  1:03  SCV  
  18  1:13  Barracks  
  18  1:16  SCV  
  19  1:27  Barracks  
  19  1:31  SCV  
  20  1:41  Barracks  
  20  1:45  SCV  
  21  2:00  Marine, Orbital Command  
  22  2:10  Orbital Command  
  22  2:14  Marine  
  23  2:18  Marine  
  24  2:23  Engineering Bay  
  24  2:27  SCV  
  25  2:32  Marine  
  25  2:33  Marine  
  27  2:37  Refinery  
  27  2:38  SCV  
  27  2:40  SCV  
  27  2:43  Marine  
  30  2:50  Marine x2  
  31  2:51  Missile Turret  
  31  2:53  SCV  
  31  2:56  SCV  
  31  2:58  Refinery  
  34  3:05  Supply Depot, SCV  
  34  3:06  Marine  
  34  3:11  Barracks Tech Lab  
  34  3:12  Marine  
  36  3:16  SCV  
  36  3:17  SCV  
  38  3:27  Supply Depot, Marine  
  38  3:29  SCV  
  38  3:30  Marine x2  
  42  3:41  SCV x2  
  43  3:43  Stimpack  
  43  3:44  Marine  
  43  3:47  Marine  
  46  3:49  Marine  
  46  3:53  SCV  
  46  3:54  SCV  
  47  4:02  Factory  
  47  4:05  SCV  
  47  4:06  Marine, SCV  
  52  4:13  Supply Depot  
  52  4:16  Barracks Reactor, Refinery  
  49  4:17  SCV  
  49  4:18  Supply Depot, Barracks Reactor, SCV  
  51  4:24  Marine  
  51  4:29  SCV  
  53  4:31  Supply Depot  
  53  4:37  Bunker  
  53  4:38  Supply Depot  
  53  4:39  SCV  
  53  4:40  Bunker  
  53  4:41  SCV  
  53  4:42  Marine  
  56  4:51  Factory Reactor, SCV  
  56  4:52  Starport  
  57  4:53  SCV  
  57  4:57  Marine x4  
  62  5:00  Marine  
  63  5:11  Supply Depot  
  63  5:14  Marine  
  63  5:16  Marine  
  63  5:17  Marine  
  61  5:29  Marine x2  
  61  5:31  Widow Mine x2  
  61  5:32  Medivac  
  69  5:43  Supply Depot  
  69  5:45  Marine  
  69  5:46  Marine  
  70  5:59  Widow Mine  
  70  6:01  Combat Shields  
  70  6:02  Medivac  
  74  6:08  Widow Mine  
  74  6:09  Marine x3  
  59  6:28  Marine x3  
  59  6:29  Marine  
  59  6:30  Orbital Command  
  59  6:31  SCV  
  55  6:43  SCV  
  55  6:44  Widow Mine x2  
  60  6:49  Marine x2  
  60  6:50  Marine  
  60  6:54  Marine  
  63  7:00  Marine  
  55  7:09  Marine  
  55  7:10  SCV  
  55  7:11  Medivac  
  50  7:16  Orbital Command  
  47  7:41  SCV  
  47  7:42  Marine  
  49  7:46  SCV  
  50  7:53  Medivac  
  50  7:56  Widow Mine  
  54  8:19  SCV  
  54  8:27  Supply Depot x2  
  54  8:30  Barracks Reactor  
  54  8:48  Marine  
  54  8:49  SCV x2  
  54  8:51  Barracks  
  57  8:56  Widow Mine  
  57  8:58  Barracks x2  
  57  9:01  SCV x2  
  61  9:06  Marine  
  61  9:08  Widow Mine  
  64  9:11  Marine  
  64  9:13  SCV x2  
  67  9:24  Marine  
  67  9:25  SCV x2  
  70  9:34  Marine x2  
  70  9:36  Supply Depot  
  70  9:37  Supply Depot, SCV x2  
  70  9:49  SCV x2  
  70  9:55  Marine  
  70  9:56  Supply Depot  
  70  9:58  Marine  
  71  10:01  SCV x2  
  71  10:02  Marine  
  71  10:03  Refinery x2  
  75  10:12  Marine  
  75  10:13  Marine, SCV  
  78  10:14  Barracks Tech Lab  
  78  10:21  Marine x2  
  79  10:27  Command Center, SCV  
  79  10:28  Supply Depot  
  80  10:30  SCV  
  81  10:41  Marine x2, SCV  
  81  10:42  Marine, SCV  
  86  10:48  Liberator  
  86  10:50  Marine x3  
  86  10:55  SCV x2  
  91  11:09  SCV  
  91  11:11  Marine  
  95  11:18  Marine x2  
  98  11:22  Widow Mine  
  100  11:28  Widow Mine  
  45  13:09  Planetary Fortress  
  45  13:26  Orbital Command  
  47  13:29  Barracks  
  44  13:54  SCV  
  43  14:18  Supply Depot  
  43  14:35  Orbital Command  
  43  14:42  Supply Depot  
  43  14:53  Supply Depot x2  
  43  15:17  SCV  
Tags
 
Add a new tag
Caveats
  • Supply blocks, unpowered buildings, or Contaminate may cause inaccurate times.
  • Supply counts are checked every 10 seconds.